 Dungeon Crawl Stone Soup version 0.23-a0-703-gdf2d5e0 (webtiles) character file.

151 XanderDroid the Chopper (level 5, 0/47 HPs)
             Began as a Minotaur Berserker on Jan 13, 2019.
             Was a Believer of Trog.
             Succumbed to a kobold's poison
             ... on level 3 of the Dungeon.
             The game lasted 00:07:07 (1677 turns).

XanderDroid the Chopper (Minotaur Berserker)        Turns: 1677, Time: 00:07:08

Health: 0/47       AC: 12    Str: 21    XL:     5   Next: 10%
Magic:  4/4        EV:  7    Int:  4    God:    Trog [**....]
Gold:   89         SH:  0    Dex: 11    Spells: 4/4 levels left

rFire    . . .     SeeInvis .   a - +0 hand axe
rCold    . . .     Gourm    .   (no shield)
rNeg     + . .     Faith    .   k - +0 plate armour
rPois    .         Spirit   .   (helmet restricted)
rElec    .         Reflect  .   o - +0 cloak
rCorr    .         Harm     .   (no gloves)
MR       .....                  (no boots)
Stlth    ..........             (no amulet)
HPRegen  0.15/turn              l - ring of positive energy
MPRegen  0.09/turn              (no ring)

@: lethally poisoned (0 -> -2), berserk cooldown
A: retaliatory headbutt, horns 2
a: Berserk, Trog's Hand, Renounce Religion


You were on level 3 of the Dungeon.
You worshipped Trog.
Trog was pleased with you.
You were not hungry.

You visited 1 branch of the dungeon, and saw 3 of its levels.

You collected 89 gold pieces.

Inventory:

Hand Weapons
 a - a +0 hand axe (weapon)
Armour
 k - a +0 plate armour (worn)
 o - a +0 cloak (worn)
Jewellery
 l - a ring of positive energy (left hand)
Scrolls
 b - a scroll of immolation {unknown}
 e - 5 scrolls of identify {unknown}
 f - 2 scrolls of fog {unknown}
 g - a scroll of enchant weapon {unknown}
 p - a scroll of teleportation {unknown}
Potions
 h - 2 potions of resistance
 j - a potion of brilliance
Comestibles
 c - 4 rations
 d - 6 chunks of flesh


   Skills:
 + Level 4.4 Fighting
 * Level 5.2 Axes
 + Level 3.5 Armour
 + Level 3.2 Dodging


You had 4 spell levels left.
You didn't know any spells.
Your spell library was empty.

Dungeon Overview and Level Annotations

Branches:
Dungeon (3/15)

Altars:
Hepliaklqana
Makhleb
The Shining One

Annotations:
D:3 Sigmund


Innate Abilities, Weirdness & Mutations

You reflexively headbutt those who attack you in melee.
You have a pair of horns on your head.


Message History

The orc closely misses you. You furiously retaliate!
You headbutt the orc!
You kill the orc!
Trog accepts your kill.
You are no longer berserk.
You are exhausted.
You feel yourself slow down. The orc hits you but does no damage.
Items here: ) ? [ † a +0 club; a +0 leather armour; a scroll labeled YNWUSCHIURE; an orc corpse It was a potion of flight.
You feel very buoyant.
You fly up into the air.
Sigmund the Dreaded comes into view.
He is wielding a +0 scythe.
The orc hits you but does no damage.
It was a potion of cancellation.
Your magical effects are unravelling.
You feel magically purged.
You feel yourself speed up.
You float gracefully downwards.
You feel a little less clever now.
Your resistance to elements expires.
You die...

#....÷....# ..... ..
# #.........##+....8@
. #
#...####.÷...$.......
# ### ##).......... #
#........... #
#........#.
#......oo# #.....)..#
##..(†@..# #.......#
#.......# #..(....#
###)#.### #.).# ##..#
#..# ##>.


You could see Sigmund (wandering), an orc wizard and an orc.

Vanquished Creatures
  Crazy Yiuf (D:2)
  6 adders
  An ooze (D:3)
  A worm (D:2)
  3 dart slugs (D:2)
  A leopard gecko (D:3)
  2 orcs (D:3)
  2 giant cockroaches (D:2)
  4 goblins
  8 hobgoblins
  3 jackals (D:3)
  2 quokkas (D:3)
  2 ball pythons (D:1)
  5 bats
  3 frilled lizards
  6 kobolds
  6 rats
56 creatures vanquished.

Notes
Turn   | Place    | Note
-------+----------+-------------------------------------------
     0 | D:1      | XanderDroid the Minotaur Berserker began the quest for the
                  | Orb.
     0 | D:1      | Reached XP level 1. HP: 19/19 MP: 0/0
     0 | D:1      | Noticed a minotaur skeleton
    16 | D:1      | Noticed a minotaur skeleton
   423 | D:1      | Reached XP level 2. HP: 27/27 MP: 1/1
   488 | D:1      | Reached skill level 4 in Axes
   936 | D:2      | Reached XP level 3. HP: 26/33 MP: 2/2
  1055 | D:2      | Reached ** piety under Trog
  1065 | D:2      | Found a glowing golden altar of the Shining One.
  1250 | D:2      | Found a hazy altar of Hepliaklqana.
  1258 | D:2      | Reached XP level 4. HP: 31/40 MP: 3/3
  1428 | D:2      | Found a runed door.
  1432 | D:2      | Noticed Crazy Yiuf
  1441 | D:2      | Killed Crazy Yiuf
  1441 | D:2      | Reached skill level 5 in Axes
  1636 | D:3      | Found a burning altar of Makhleb.
  1662 | D:3      | Reached XP level 5. HP: 4/47 MP: 4/4
  1664 | D:3      | HP: 2/47 [ooze (2)]
  1669 | D:3      | HP: 2/70 [poisoned by a kobold]
  1676 | D:3      | Noticed Sigmund
  1677 | D:3      | Succumbed to a kobold's poison

Vault maps used:
D:1:      shiori_arrival_whats_in_store_for_you
D:2:      tso_altar, old_standard_altar, uniq_crazy_yiuf_cottage
D:3:      grunt_temple_overflow_open, lemuel_doored_altar,
          chequers_temple_overflow_statue_of_worship, uniq_sigmund, uniq_grinder

Skill      XL: |  1  2  3  4 |
---------------+-------------+-----
Axes           | 4 5 |  5.2
Fighting       | 4 |  4.4
Armour         | 3 |  3.5
Dodging        | 3 |  3.2

Action                   |  1- 3 |  4- 6 || total
-------------------------+-------+-------++-------
Melee: Hand axe          |    67 |    54 ||   121
       Headbutt          |    14 |     8 ||    22
Invok: Berserk           |       |     1 ||     1
  Use: Potion            |       |     5 ||     5
  Eat: Chunk             |     1 |     2 ||     3
Armor: Plate armour      |    26 |    34 ||    60
       Animal skin       |     3 |       ||     3
Dodge: Dodged            |    32 |    24 ||    56

Table legend:
 A = Non-vault XP
 B = Vault XP
 C = Vault XP percentage of total XP
 D = Non-vault monster count
 E = Vault monster count
 F = Vault count percentage of total count
                 A         B        C        D         E       F
            +---------+---------+-------+---------+---------+-------
      Total |     175 |      41 |  19.0 |      55 |       1 |   1.8
            +---------+---------+-------+---------+---------+-------
        D:1 |      24 |       0 |   0.0 |      17 |       0 |   0.0
        D:2 |      93 |      41 |  30.6 |      22 |       1 |   4.3
        D:3 |      58 |       0 |   0.0 |      16 |       0 |   0.0
            +---------+---------+-------+---------+---------+-------
